2838 views
Uploaded 2020-03-08 18:42:10
Game version 1.32.2
7:39 long 3on3 ladder game on (6)StranglethornVale
Saved by BEARAND
2838 views
Uploaded 2020-03-08 18:42:10
Game version 1.32.2
7:39 long 3on3 ladder game on (6)StranglethornVale


59 units @ 4.2k
/ 0k
46 buildings @ 3.2k
/ 1.3k

| Boots of Speed | 1 | 250 |
| Periapt of Vitality | 1 | 325 |
| total: | 2 | 575g |
| Peasant | 17 | 1275 | / | 0 |
| total: | 17 | 1275g | / | 0w |
| Scout Tower | 11 | 330 | / | 220 |
| Guard Tower | 4 | 280 | / | 200 |
| Arcane Tower | 1 | 70 | / | 50 |
| Altar of Kings | 1 | 180 | / | 50 |
| Farm | 2 | 160 | / | 40 |
| Lumber Mill | 1 | 120 | / | 0 |
| total: | 15 | 790g | / | 310w |
| 0:01 | Peasant |
| 0:02 | Peasant |
| 0:05 | Altar of Kings |
| 0:14 | Peasant |
| 0:18 | Farm |
| 0:28 | Peasant |
| 0:40 | Peasant |
| 0:50 | Farm |
| 1:14 | Peasant |
| 1:24 | Peasant |
| 1:27 | Lumber Mill |
| 1:29 | Peasant |
| 1:44 | Summon Water Elemental |
| 1:55 | Peasant |
| 1:55 | Peasant |
| 1:55 | Peasant |
| 2:12 | Peasant |
| 2:22 | Peasant |
| 3:05 | Peasant |
| 4:20 | Brilliance Aura |
| 4:39 | Scout Tower |
| 4:40 | Scout Tower |
| 4:42 | Scout Tower |
| 5:08 | Scout Tower |
| 5:09 | Scout Tower |
| 5:10 | Peasant |
| 5:10 | Peasant |
| 5:11 | Improved Masonry |
| 5:13 | Guard Tower |
| 5:25 | Peasant |
| 5:38 | Arcane Tower |
| 5:40 | Scout Tower |
| 5:40 | Scout Tower |
| 5:48 | Scout Tower |
| 5:48 | Scout Tower |
| 5:49 | Scout Tower |
| 5:49 | Scout Tower |
| 6:41 | Guard Tower |
| 6:57 | Guard Tower |
| 7:21 | Boots of Speed |
| 7:21 | Periapt of Vitality |
| Right click | 625 |
| Select | 172 |
| Build/train/purchase | 54 |
| Chat | 47 |
| Select group | 33 |
| Resource trade | 12 |
| Assign group | 10 |
| Use ability | 1 |


| Staff of Teleportation | 1 | 150 |
| Boots of Speed | 1 | 250 |
| total: | 2 | 400g |
| Wisp | 16 | 960 | / | 0 |
| total: | 16 | 960g | / | 0w |
| Altar of Elders | 1 | 180 | / | 50 |
| Moon Well | 2 | 360 | / | 80 |
| Tree of Life | 1 | 340 | / | 185 |
| Ancient of War | 2 | 300 | / | 120 |
| Tree of Ages | 2 | 640 | / | 360 |
| total: | 6 | 1180g | / | 435w |
| 0:01 | Wisp |
| 0:05 | Altar of Elders |
| 0:10 | Wisp |
| 0:18 | Moon Well |
| 0:26 | Wisp |
| 0:33 | Wisp |
| 0:50 | Wisp |
| 1:12 | Tree of Life |
| 1:26 | Wisp |
| 1:27 | Wisp |
| 1:43 | Wisp |
| 2:28 | Entangling Roots |
| 2:32 | Tree of Ages |
| 2:46 | Wisp |
| 2:46 | Wisp |
| 2:47 | Wisp |
| 3:47 | Ancient of War |
| 3:55 | Ancient of War |
| 4:16 | Tree of Ages |
| 5:09 | Wisp |
| 5:09 | Wisp |
| 5:09 | Wisp |
| 5:09 | Wisp |
| 6:00 | Wisp |
| 6:04 | Moon Well |
| 6:39 | Frost Arrows |
| 6:49 | Staff of Teleportation |
| 6:50 | Boots of Speed |
| 7:02 | Thorns Aura |
| Right click | 526 |
| Select | 256 |
| Select group | 34 |
| Build/train/purchase | 29 |
| Assign group | 27 |
| Resource trade | 22 |
| Chat | 18 |
| Use ability | 17 |
| Remove unit | 1 |

| Scroll of Regeneration | 3 | 300 |
| Lesser Clarity Potion | 1 | 70 |
| total: | 4 | 370g |
| Peasant | 26 | 1950 | / | 0 |
| total: | 26 | 1950g | / | 0w |
| Scout Tower | 19 | 570 | / | 380 |
| Guard Tower | 8 | 560 | / | 400 |
| Arcane Tower | 2 | 140 | / | 100 |
| Altar of Kings | 1 | 180 | / | 50 |
| Farm | 3 | 240 | / | 60 |
| Lumber Mill | 1 | 120 | / | 0 |
| Arcane Vault | 1 | 130 | / | 30 |
| total: | 25 | 1240g | / | 520w |
| 0:02 | Peasant |
| 0:04 | Altar of Kings |
| 0:20 | Peasant |
| 0:22 | Farm |
| 0:22 | Peasant |
| 0:34 | Peasant |
| 0:38 | Peasant |
| 0:48 | Farm |
| 0:54 | Peasant |
| 1:09 | Lumber Mill |
| 1:15 | Peasant |
| 1:26 | Peasant |
| 1:36 | Arcane Vault |
| 1:47 | Peasant |
| 1:50 | Summon Water Elemental |
| 2:03 | Peasant |
| 2:12 | Peasant |
| 2:19 | Farm |
| 2:36 | Improved Masonry |
| 2:39 | Peasant |
| 2:54 | Peasant |
| 2:54 | Peasant |
| 3:02 | Peasant |
| 3:10 | Scroll of Regeneration |
| 3:14 | Lesser Clarity Potion |
| 3:23 | Peasant |
| 3:31 | Scroll of Regeneration |
| 3:31 | Scroll of Regeneration |
| 3:56 | Scout Tower |
| 3:56 | Scout Tower |
| 3:57 | Scout Tower |
| 4:09 | Scout Tower |
| 4:09 | Scout Tower |
| 4:10 | Scout Tower |
| 4:11 | Scout Tower |
| 4:13 | Scout Tower |
| 4:15 | Scout Tower |
| 4:16 | Scout Tower |
| 4:20 | Brilliance Aura |
| 4:23 | Guard Tower |
| 4:27 | Scout Tower |
| 4:29 | Scout Tower |
| 4:30 | Peasant |
| 4:30 | Peasant |
| 4:37 | Guard Tower |
| 4:43 | Scout Tower |
| 4:44 | Scout Tower |
| 4:45 | Scout Tower |
| 4:47 | Scout Tower |
| 4:48 | Scout Tower |
| 4:48 | Peasant |
| 4:50 | Guard Tower |
| 5:02 | Arcane Tower |
| 5:08 | Guard Tower |
| 5:09 | Guard Tower |
| 5:28 | Guard Tower |
| 5:41 | Peasant |
| 5:41 | Peasant |
| 5:41 | Peasant |
| 5:43 | Peasant |
| 5:51 | Arcane Tower |
| 5:52 | Guard Tower |
| 6:01 | Peasant |
| 7:11 | Peasant |
| 7:11 | Peasant |
| 7:25 | Scout Tower |
| 7:26 | Scout Tower |
| Assign group | 314 |
| Right click | 300 |
| Select | 174 |
| Select group | 111 |
| Build/train/purchase | 83 |
| Resource trade | 18 |
| Chat | 16 |
| Misc. action | 9 |
| Remove unit | 2 |
| Use ability | 1 |
48 units @ 5.4k
/ 0.3k
27 buildings @ 3k
/ 0.8k

| Peasant | 14 | 1050 | / | 0 |
| total: | 14 | 1050g | / | 0w |
| Scout Tower | 2 | 60 | / | 40 |
| Guard Tower | 2 | 140 | / | 100 |
| Altar of Kings | 1 | 180 | / | 50 |
| Farm | 2 | 160 | / | 40 |
| Lumber Mill | 1 | 120 | / | 0 |
| total: | 6 | 520g | / | 130w |
| 0:02 | Peasant |
| 0:03 | Peasant |
| 0:05 | Altar of Kings |
| 0:19 | Farm |
| 0:24 | Peasant |
| 0:45 | Peasant |
| 0:51 | Lumber Mill |
| 1:01 | Peasant |
| 1:05 | Scout Tower |
| 1:14 | Peasant |
| 1:25 | Peasant |
| 1:34 | Farm |
| 1:37 | Peasant |
| 1:54 | Guard Tower |
| 1:58 | Peasant |
| 2:04 | Peasant |
| 2:27 | Peasant |
| 2:33 | Summon Lava Spawn |
| 2:53 | Peasant |
| 3:00 | Scout Tower |
| 3:04 | Peasant |
| 3:05 | Peasant |
| 3:33 | Guard Tower |
| Right click | 169 |
| Select | 85 |
| Build/train/purchase | 22 |
| Misc. action | 12 |
| Minimap ping | 3 |
| Select group | 2 |
| Assign group | 1 |
| Use ability | 1 |
| Remove unit | 1 |

| Scroll of Regeneration | 2 | 200 |
| total: | 2 | 200g |
| Peasant | 12 | 900 | / | 0 |
| Footman | 8 | 1080 | / | 0 |
| total: | 20 | 1980g | / | 0w |
| Scout Tower | 5 | 150 | / | 100 |
| Arcane Tower | 1 | 70 | / | 50 |
| Guard Tower | 3 | 210 | / | 150 |
| Altar of Kings | 1 | 180 | / | 50 |
| Farm | 4 | 320 | / | 80 |
| Barracks | 1 | 160 | / | 60 |
| Arcane Vault | 1 | 130 | / | 30 |
| Lumber Mill | 1 | 120 | / | 0 |
| Keep | 1 | 320 | / | 210 |
| total: | 13 | 1060g | / | 320w |
| 0:04 | Peasant |
| 0:04 | Peasant |
| 0:05 | Peasant |
| 0:15 | Altar of Kings |
| 0:20 | Farm |
| 0:27 | Barracks |
| 0:45 | Peasant |
| 0:59 | Farm |
| 1:12 | Peasant |
| 1:13 | Peasant |
| 1:29 | Peasant |
| 1:32 | Footman |
| 1:41 | Farm |
| 1:45 | Footman |
| 2:00 | Arcane Vault |
| 2:06 | Scout Tower |
| 2:14 | Peasant |
| 2:21 | Storm Bolt |
| 2:25 | Footman |
| 2:31 | Farm |
| 2:52 | Footman |
| 3:06 | Arcane Tower |
| 3:21 | Scroll of Regeneration |
| 3:21 | Scroll of Regeneration |
| 3:30 | Lumber Mill |
| 3:44 | Footman |
| 5:12 | Peasant |
| 5:12 | Peasant |
| 5:12 | Peasant |
| 5:12 | Peasant |
| 5:24 | Keep |
| 5:37 | Footman |
| 5:37 | Footman |
| 5:55 | Scout Tower |
| 6:10 | Footman |
| 6:34 | Scout Tower |
| 6:35 | Scout Tower |
| 6:38 | Scout Tower |
| 6:51 | Bash |
| 7:04 | Guard Tower |
| 7:15 | Guard Tower |
| Right click | 253 |
| Select group | 178 |
| Select | 95 |
| Build/train/purchase | 35 |
| Misc. action | 23 |
| Assign group | 10 |
| Use ability | 3 |

| Rod of Necromancy | 1 | 150 |
| total: | 1 | 150g |
| Acolyte | 2 | 150 | / | 0 |
| Ghoul | 4 | 480 | / | 0 |
| Crypt Fiend | 8 | 1720 | / | 320 |
| total: | 14 | 2350g | / | 320w |
| Crypt | 2 | 400 | / | 100 |
| Altar of Darkness | 1 | 180 | / | 50 |
| Ziggurat | 3 | 450 | / | 150 |
| Tomb of Relics | 1 | 130 | / | 30 |
| Graveyard | 1 | 215 | / | 0 |
| total: | 8 | 1375g | / | 330w |
| 0:05 | Acolyte |
| 0:05 | Acolyte |
| 0:08 | Crypt |
| 0:15 | Altar of Darkness |
| 0:33 | Ziggurat |
| 0:58 | Tomb of Relics |
| 1:11 | Ghoul |
| 1:11 | Ghoul |
| 1:13 | Ghoul |
| 1:25 | Graveyard |
| 1:42 | Ghoul |
| 1:59 | Ziggurat |
| 2:30 | Rod of Necromancy |
| 2:47 | Crypt Fiend |
| 2:47 | Crypt Fiend |
| 2:55 | Death Coil |
| 3:26 | Crypt Fiend |
| 3:42 | Ziggurat |
| 3:47 | Crypt |
| 3:52 | Creature Attack |
| 4:10 | Creature Carapace |
| 4:17 | Crypt Fiend |
| 5:20 | Crypt Fiend |
| 5:21 | Crypt Fiend |
| 5:39 | Crypt Fiend |
| 5:59 | Crypt Fiend |
| Right click | 164 |
| Select | 53 |
| Select group | 48 |
| Build/train/purchase | 21 |
| Assign group | 7 |
| Use ability | 2 |
| Remove unit | 1 |
โ